Unix NetHack Version 3.7.0-97 Work-in-progress - last build Feb 8 2024 15:05:57 (6d6cdf8371b60126770a3d7b88910941cb14a054,branch:master). Game began 2024-02-17 09:43:54, ended 2024-02-17 09:48:57. elenmirie, neutral female gnomish Archeologist --+----- --------- #........############ |.......| #|......| ## --------------- |.......| -------- #|......| ### |.............| |........#####|..0...-#######[#####|......| ####.%...%........| |.......| #|......| #--------# #####" --------.------ |.......| #-<.....| #)################ ## # |..>....| #|..`...| # # # ## -------.- ##|....... # # # # # ##|......| # # ######----- # # # ###-------- ############[## #|....## # # ### ###########00##--- # #|...| # ## # # +.. # #....-## -----|--- -------.-# |.... # ----- |.......| |........# |$(.... # |.......| |.......| |.......d@ |.......| |.......| |....... |.....>.| --------- |...... --------- ------- Elenmirie the Field Worker St:11 Dx:11 Co:13 In:13 Wi:10 Ch:13 Neutral Dlvl:3 $:34 HP:0(28) Pw:14(14) AC:8 Xp:3/74 T:1089 Latest messages: You kill the grid bug! You see here an orc corpse. The orc zombie hits! You lash the orc zombie. The orc zombie hits! You destroy the orc zombie! You see here an orc corpse. You find a hidden door. The door opens. You hear some noises. You hear some noises in the distance. You hear some noises. You hear some noises in the distance. You hear some noises. The cave spider bites! You miss the cave spider. The cave spider bites! You miss the cave spider. The cave spider bites! You miss the cave spider. The cave spider bites! You miss the cave spider. The cave spider bites! You lash the cave spider. The cave spider bites! You miss the cave spider. The cave spider bites! You miss the cave spider. The cave spider bites! You miss the cave spider. The cave spider bites! You miss the cave spider. The cave spider bites! You kill the cave spider! You swap places with Coco. Coco is caught in a spider web. You find a hidden passage. You see here a crude dagger. You miss the little dog. The little dog bites! The little dog bites! You miss the little dog. The little dog bites! The little dog bites! You die... Do you want your possessions identified? [ynq] (y) y Do you want to see your attributes? [ynq] (y) y Do you want an account of creatures vanquished? [ynaq] (y) y Do you want to see your conduct and achievements? [ynq] (y) y Do you want to see the dungeon overview? [ynq] (y) y Inventory: Coins $ - 34 gold pieces Weapons r - an uncursed +0 crossbow s - an uncursed +0 dagger a - an uncursed +2 bullwhip (weapon in right hand) Armor c - an uncursed +0 fedora (being worn) q - an uncursed +0 small shield (being worn) b - an uncursed +0 leather jacket (being worn) Comestibles j - 2 uncursed ancient fruitcakes l - a cursed ancient fruitcake d - 7 uncursed food rations i - an uncursed fortune cookie Wands u - an uncursed wand of polymorph (0:4) Tools w - an uncursed sack containing 5 items e - an uncursed +0 pick-axe (alternate weapon; not wielded) t - an uncursed tinning kit (0:98) Gems/Stones g - an uncursed touchstone Contents of the sack: an uncursed scroll of amnesia an uncursed scroll of create monster an uncursed scroll of remove curse an uncursed potion of blindness an uncursed potion of gain level Elenmirie the Archeologist's attributes: Background: You were a Field Worker, a level 3 female gnomish Archeologist. You were neutral, nominally on a mission for Camaxtli who was opposed by Quetzalcoatl (lawful) and Huhetotl (chaotic). You were right-handed. You were in the Dungeons of Doom, on level 3. You entered the dungeon 1089 turns ago. You had 74 experience points, 6 more were needed to attain level 4. Basics: You had 0 out of 28 hit points. You had all 14 energy points (spell power). Your armor class was 8. Your wallet contained 34 zorkmids. Autopickup was on for '$' plus thrown. Final Characteristics: Your strength was 11 (limit:18/50). Your dexterity was 11 (limit:18). Your constitution was 13 (limit:18). Your intelligence was 13 (limit:19). Your wisdom was 10 (limit:18). Your charisma was 13 (limit:18). Final Status: You weren't hungry. You were unencumbered. You were wielding a whip. You had basic skill with whip. Final Attributes: You were devoutly aligned. You had automatic searching. You had infravision. You are dead. Miscellaneous: You never encountered a bones level. Total elapsed playing time was 5 minutes and 1 second. Major events: Turn 1: elenmirie the neutral female gnomish Archeologist entered the dungeon 723: attained the rank of Field Worker (level 3) 1089: killed by a little dog Vanquished creatures: a ghost 2 orc zombies a manes 2 cave spiders a jackal a fox 2 goblins a sewer rat 3 grid bugs 4 lichens 2 kobold zombies 3 newts 23 creatures vanquished. No species were genocided or became extinct. Voluntary challenges: You followed a strict vegan diet. You were an atheist. You were illiterate. You never engraved Elbereth. You never genocided any monsters. You never polymorphed an object. You never changed form. You used no wishes. Achievement: You attained the rank of Field Worker. The Dungeons of Doom: levels 1 to 3 Level 1: Some fountains, a sink. Level 2: Level 3: <- You were here. Final resting place for you, killed by a little dog. Game over: ---------- / \ / REST \ / IN \ / PEACE \ / \ | elenmirie | | 34 Au | | killed by a | | little dog | | | | | | 2024 | *| * * * | * _________)/\\_//(\/(/\)/\//\/|_)_______ Goodbye elenmirie the Archeologist... You died in The Dungeons of Doom on dungeon level 3 with 967 points, and 34 pieces of gold, after 1089 moves. You were level 3 with a maximum of 28 hit points when you died.